 Dungeon Crawl Stone Soup version 0.25-a0-316-gd28d56f9c5 (webtiles) character file.

Game seed: 3064109248627980136, levelgen mode: classic

77 Borgoz the Slasher (level 4, -2/42 HPs)
             Began as a Gargoyle Berserker on Dec 24, 2019.
             Was a Believer of Trog.
             Killed from afar by Sigmund (6 damage)
             ... with a magic dart
             ... on level 2 of the Dungeon.
             The game lasted 00:01:46 (1725 turns).

Borgoz the Slasher (Gargoyle Berserker)             Turns: 1725, Time: 00:01:48

Health: -2/42      AC: 22    Str: 19 (21) XL:     4   Next: 33%
Magic:  4/4        EV:  2    Int:  6 (7)  God:    Trog [**....]
Gold:   73         SH:  0    Dex: 15 (17) Spells: 3/3 levels left

rFire    . . .     SeeInvis .   a - +0 falchion
rCold    . . .     Gourm    .   (no shield)
rNeg     + + +     Faith    .   (armour currently unavailable)
rPois    ∞         Spirit   .   (helmet currently unavailable)
rElec    .         Reflect  .   (cloak currently unavailable)
rCorr    .         Harm     .   (gloves currently unavailable)
MR       ++...     Clarity  +   (boots currently unavailable) Stlth ++........NoTele +
                                (no amulet)
HPRegen  1.14/turn              k - +3 ring of evasion
MPRegen  0.09/turn              (no ring)

@: agile, tree-form, berserk cooldown, regenerating
A: agile 1, clarity, negative energy resistance 1, petrification resistance, rot
immunity, AC +3
a: Berserk, Trog's Hand, Renounce Religion


You were on level 2 of the Dungeon.
You worshipped Trog.
Trog was pleased with you.
You were near starving.
You were a tree.
You visited 1 branch of the dungeon, and saw 2 of its levels.

You collected 73 gold pieces.

Inventory:

Hand Weapons
 a - a +0 falchion (weapon)
Armour
 b - a +0 animal skin (melded)
 h - a +2 pair of boots (melded)
 o - a +1 hat (melded)
Jewellery
 k - a +3 ring of evasion (left branch)
 q - an uncursed amulet of harm {unknown}
Scrolls
 d - a scroll of enchant weapon {unknown}
 g - a scroll of blinking {unknown}
 n - 3 scrolls of teleportation {unknown}
 r - 2 scrolls of fog {unknown}
 s - 2 scrolls of amnesia {unknown}
Potions
 i - a potion of curing
 p - a potion of flight
Comestibles
 c - 4 rations


   Skills:
 - Level 3.2 Fighting
 * Level 3.5 Long Blades
 + Level 2.9 Armour
 * Level 2.5 Dodging


You had 3 spell levels left.
You didn't know any spells.
Your spell library was empty.

Dungeon Overview and Level Annotations

Branches:
Dungeon (2/15)

Altars:

Annotations:
D:2 Sigmund


Innate Abilities, Weirdness & Mutations

You are resistant to torment.
((Your stone body is resilient. (AC +3)))
You are immune to poison.
You resist negative energy. (rN+)
((You are resistant to electric shocks. (rElec)))
((You can survive without breathing.))
You are immune to petrification.
You are immune to rotting.
((You have large cloven feet.))
You are agile. (Dex +2)
You possess an exceptional clarity of mind.
((Armour fits poorly on your strangely shaped body.))


Message History

It was a potion of agility.
You feel agile all of a sudden.
You hear some strange, mumbled words.
A puff of flame appears from out of thin air!
The puff of flame hits you but does no damage.
It was a potion of degeneration.
There was something very wrong with that liquid.
You feel weakened.
You feel dopey.
You feel clumsy.
You hear some strange, mumbled words.
Something tries to affect you, but you resist.
You hit something. Something hits you.
* * * LOW HITPOINT WARNING * * *
You hit something but do no damage.
Your skin crawls.
You feel resistant to hostile enchantments.
You feel somewhat more hungry.
You hear some strange, mumbled words.
A magic dart appears from out of thin air!
The magic dart hits you.
You die...

### #.# ..# #.# #{#
#♣# #.# ######### #.#
######## .....##.#
#.#########.......
.....#..#
#.........'..)÷...
.....#..#
#.####.....####.......
.....#..# #....'.....#
#....... ####.#..#
######.....# #....(..
#.#..# #.....#
########


There were no monsters in sight!

Vanquished Creatures
  3 adders (D:2)
  An ooze (D:2)
  2 worms (D:2)
  A dart slug (D:2)
  2 leopard geckos (D:1)
  5 giant cockroaches
  7 goblins
  2 hobgoblins (D:1)
  2 jackals (D:2)
  A quokka (D:2)
  2 bats
  4 frilled lizards
  A kobold (D:2)
  2 rats (D:1)
35 creatures vanquished.

Notes
Turn   | Place    | Note
-------+----------+-------------------------------------------
     0 | D:1      | Borgoz the Gargoyle Berserker began the quest for the Orb.
     0 | D:1      | Reached XP level 1. HP: 14/14 MP: 1/1
   113 | D:1      | Reached XP level 2. HP: 18/19 MP: 2/2
   786 | D:2      | Reached XP level 3. HP: 12/23 MP: 3/3
  1125 | D:2      | Reached ** piety under Trog
  1125 | D:2      | Reached XP level 4. HP: 26/28 MP: 4/4
  1690 | D:2      | Noticed Sigmund
  1718 | D:2      | Gained mutation: You possess an exceptional clarity of
                  | mind. [potion of mutation]
  1718 | D:2      | Gained mutation: You have large cloven feet. [potion of
                  | mutation]
  1718 | D:2      | Gained mutation: Armour fits poorly on your strangely
                  | shaped body. [potion of mutation]
  1718 | D:2      | Gained mutation: You are agile. (Dex +2) [potion of
                  | mutation]
  1725 | D:2      | Killed from afar by Sigmund

Levels and vault maps discovered:
D:1:      lemuel_arrival_river_bridge, layout_loops_ring, st_stairs_7,
          minmay_misc_feat_rugged, minmay_misc_feat_chi, minmay_crystal_room,
          minmay_misc_feat_tiny, due_unseen_surprise
D:2:      layout_basic, uniq_sigmund

Skill      XL: |  1  2 |
---------------+-------+-----
Long Blades    | 3 |  3.5
Dodging        | 2 |  2.5
Fighting       | |  3.2
Armour         | |  2.9

Action                   |  1- 3 |  4- 6 || total
-------------------------+-------+-------++-------
Melee: Falchion          |    66 |    63 ||   129
Invok: Berserk           |       |     1 ||     1
       Trog's Hand       |       |     1 ||     1
  Use: Potion            |       |     6 ||     6
  Eat: Chunk             |     1 |     1 ||     2
Armor: Animal skin       |    26 |    18 ||    44
       Skin              |       |     1 ||     1
Dodge: Dodged            |    46 |    52 ||    98
       Rpst.: Falchion   |    18 |    13 ||    31

Table legend:
 A = Non-vault XP
 B = Vault XP
 C = Vault XP percentage of total XP
 D = Non-vault monster count
 E = Vault monster count
 F = Vault count percentage of total count
                 A         B        C        D         E       F
            +---------+---------+-------+---------+---------+-------
      Total |     107 |       3 |   2.7 |      33 |       2 |   5.7
            +---------+---------+-------+---------+---------+-------
        D:1 |      18 |       3 |  14.3 |      10 |       2 |  16.7
        D:2 |      89 |       0 |   0.0 |      23 |       0 |   0.0
            +---------+---------+-------+---------+---------+-------
